 Dungeon Crawl Stone Soup version 0.28.0-53-g5a82cb258f (webtiles) character file.

Game seed: 5943427578708633234

77 Infinimo the Cudgeller (level 4, -3/48 HPs)
             Began as an Ogre Gladiator on May 26, 2022.
             Killed by nerve-wracking pain
             ... invoked by Grinder
              (11 damage)
             ... on level 3 of the Dungeon.
             The game lasted 00:02:54 (2126 turns).

Infinimo the Cudgeller (Ogre Gladiator)             Turns: 2126, Time: 00:02:54

Health: -3/48      AC:  3    Str: 18    XL:     4   Next: 34%
Magic:  4/4        EV: 10    Int: 11    God:
Gold:   110        SH:  0    Dex: 10    Spells: 3/3 levels left

rFire   . . .      SeeInvis .   a - +0 flail
rCold   . . .      Faith    .   (no shield)
rNeg    . . .      Spirit   .   b - +0 robe
rPois   .          Reflect  .   c - +0 hat
rElec   .          Harm     .   (no cloak)
rCorr   .          Rampage  .   (gloves unavailable)
Will    .....                   (boots unavailable)
Stlth   +.........              (no amulet)
HPRegen 0.16/turn               (no ring)
MPRegen 0.09/turn               (no ring)

@: no status effects
A: large, unfitting armour, tough skin 1
a: no special abilities


You were on level 3 of the Dungeon.
You visited 1 branch of the dungeon, and saw 3 of its levels.

You collected 110 gold pieces.

Inventory:

Hand Weapons
 a - a +0 flail (weapon)
Missiles
 d - a throwing net (quivered)
Armour
 b - a +0 robe (worn)
 c - a +0 hat (worn)
Jewellery
 f - an amulet of regeneration
 h - a ring of protection from fire
 k - a ring of fire
Scrolls
 g - 2 scrolls of identify
Potions
 e - 2 potions of lignification


   Skills:
 + Level 3.7 Fighting
 * Level 3.8 Maces & Flails
 - Level 2.0 Throwing
 + Level 3.2 Dodging


You had 3 spell levels left.
You didn't know any spells.
Your spell library contained the following spells:

 Spells                   Type           Power      Damage    Failure   Level
 Animate Skeleton         Necr           0%         N/A       34%         1
 Pain                     Necr           0%         1d4       34%         1
 Vampiric Draining        Necr           0%         2d6       71%         3
 Summon Forest            Summ/Tloc      0%         N/A       100%        5
 Summon Mana Viper        Hex/Summ       0%         N/A       100%        5
 Summon Cactus Giant      Summ           0%         N/A       100%        6


Dungeon Overview and Level Annotations

Branches:
Dungeon (3/15)

Altars:

Annotations:
D:3 Grinder, Sigmund


Innate Abilities, Weirdness & Mutations

You are too large for most types of armour.
You have tough skin. (AC +1)


Message History

You thump Jessica!
You kill Jessica!
You have reached level 4!
You hear the slow rusting of a drain very nearby.
You feel yourself speed up.
HP restored.
Things that are here:
a +0 club; a +0 robe
Found 15 bolts.
Grinder comes into view.
Grinder shouts!
Grinder is nearby!
You hit Grinder but do no damage.
Grinder blinks!
Grinder hits you!
You writhe in agony.
You hit Grinder but do no damage. Grinder hits you.
You writhe in agony.
Grinder hits you!
You writhe in agony.
Okay, then.
You are too injured to fight recklessly!
Throw: 3 throwing nets
Press: ? - help, Q - select action Shift-Dir - straight line, f - Grinder
Aim: Grinder (53% to hit)
You throw a throwing net.
The throwing net closely misses Grinder.
Grinder gestures at you. You resist with significant effort.
Throw: 2 throwing nets
Press: ? - help, Q - select action Shift-Dir - straight line, f/p - Grinder
Aim: Grinder (53% to hit)
You throw a throwing net. The throwing net barely misses Grinder.
You closely miss Grinder.
Grinder says, "I used to sell toenails on the black market."
Grinder gestures at you. Pain shoots through your body!
* * * LOW HITPOINT WARNING * * *
Grinder hits you but does no damage.
You hit Grinder.
Grinder is lightly wounded.
Grinder gestures at you. Pain shoots through your body!
You die...

#. .# .###.
..... ####
##(..## .'.#
..... ##.#
...##.### ###
#........ #.#
#@### ### #5#..
#.# #.#.# #.#
#.#.# ######.##
#.#.####..#
........##
#(........#
####.....#
###.####.##
##...## #.#
##..##########.#


You could see Grinder.

Vanquished Creatures
  Jessica (D:3)
  A dart slug (D:2)
  8 ball pythons
  2 bats
  5 endoplasms
  A giant cockroach (D:2)
  7 hobgoblins
  2 jackals (D:1)
  A quokka (D:1)
  2 frilled lizards (D:2)
  4 goblins (D:2)
  5 kobolds
  6 rats
45 creatures vanquished.

Notes
Turn   | Place    | Note
-------+----------+-------------------------------------------
     0 | D:1      | Infinimo the Ogre Gladiator began the quest for the Orb.
     0 | D:1      | Reached XP level 1. HP: 22/22 MP: 1/1
   343 | D:1      | Reached XP level 2. HP: 31/31 MP: 2/2
   972 | D:2      | Reached XP level 3. HP: 37/37 MP: 3/3
  1472 | D:2      | Found a faded altar of an unknown god.
  1860 | D:3      | Noticed Sigmund
  2077 | D:3      | Noticed Jessica
  2086 | D:3      | Killed Jessica
  2087 | D:3      | Reached XP level 4. HP: 44/48 MP: 4/4
  2119 | D:3      | Noticed Grinder
  2126 | D:3      | Killed from afar by Grinder

Illustrated notes

Levels and vault maps discovered:
D:1:      nicolae_arrival_somewhat_less_tricky_arrival, layout_loops_cross,
          minmay_shallow_snake_nest
D:2:      layout_basic, ebering_ecumenical_altar_sacrificial,
          minmay_goblin_kobold_house
D:3:      layout_loops_corners, gup_sewer_entry_bubbles,
          uniq_crazy_yiuf_cottage, uniq_jessica, uniq_sigmund, uniq_grinder

Skill      XL: |  1  2  3 |
---------------+----------+-----
Fighting       | 3 |  3.7
Maces & Flails | 3 |  3.8
Dodging        | 3 |  3.2
Throwing       | |  2.0

Action                   |  1- 3 |  4- 6 || total
-------------------------+-------+-------++-------
Melee: Flail             |   112 |     4 ||   116
       Punch             |     1 |       ||     1
Throw: Throwing net      |       |     2 ||     2
  Use: Scroll            |     4 |       ||     4
 Stab: Sleeping          |     1 |       ||     1
Armor: Robe              |    29 |     1 ||    30
Dodge: Dodged            |    47 |       ||    47
